 Dungeon Crawl Stone Soup version 0.24-a0-365-ga4d96b6e6e (webtiles) character file.

Game seed: 13967511657872073113

331 Napalmbreeze the Skirmisher (level 6, 0/76 HPs)
             Began as a Barachi Skald on May 27, 2019.
             Slain by Duvessa
             ... wielding a +0 short sword
              (4 damage)
             ... on level 3 of the Dungeon.
             The game lasted 00:14:42 (3969 turns).

Napalmbreeze the Skirmisher (Barachi Skald)         Turns: 3969, Time: 00:14:43

Health: 0/76       AC: 23    Str: 14 (15) XL:     6   Next: 51%
Magic:  2/11       EV:  2    Int: 10 (13) God:
Gold:   121        SH:  0    Dex: 14 (16) Spells: 6/12 levels left

rFire    + . .     SeeInvis .   a - +0 spear
rCold    + . .     Gourm    .   (no shield)
rNeg     + + +     Faith    .   (armour currently unavailable)
rPois    +         Spirit   .   (helmet currently unavailable)
rElec    +         Reflect  .   (cloak currently unavailable)
rCorr    +         Harm     +   (gloves currently unavailable)
MR       .....     NoTele   +   (boots currently unavailable)
Stlth    ++........             s - amulet of harm
HPRegen  0.22/turn              (no ring)
MPRegen  0.12/turn              (no ring)

@: agile, tree-form, resistant, infused (expiring), can't hop, hasted, heavily
drained, very quick
A: +LOS, swims
a: no special abilities


You were on level 3 of the Dungeon.
You were hungry.
You were a tree.
You visited 1 branch of the dungeon, and saw 4 of its levels.

You collected 121 gold pieces.

Inventory:

Hand Weapons
 a - a +0 spear (weapon)
Missiles
 c - 63 stones (quivered)
Armour
 b - a +0 leather armour
 l - a +0 chain mail
 o - a +0 ring mail (melded)
Jewellery
 j - an uncursed amulet of rage
 s - an amulet of harm (around neck)
Scrolls
 f - a scroll of enchant armour
 i - 4 scrolls of magic mapping
 m - a scroll of fog {unknown}
 n - 5 scrolls of identify
 p - a scroll of remove curse
Potions
 e - a potion of haste
 k - a potion of flight
Comestibles
 d - 5 rations


   Skills:
 * Level 5.3(4.0) Fighting
 + Level 3.4(2.1) Polearms
 - Level 1.2(0.0) Armour
 - Level 2.1(0.9) Dodging
 + Level 3.5(2.2) Spellcasting
 + Level 0.6(0.0) Hexes
 + Level 4.4(3.1) Charms


You had 6 spell levels left.
You knew the following spells:

 Your Spells              Type           Power        Failure   Level  Hunger
a - Infusion              Chrm           #...         9%          1    ##.....
s - Spectral Weapon       Hex/Chrm       #.......     43%         3    ####...
w - Song of Slaying       Chrm           #.......     13%         2    ###....

Your spell library contained the following spells:

 Spells                   Type           Power        Failure   Level  Hunger
 Shroud of Golubria       Chrm/Tloc      #.........   24%         2    ###....
 Regeneration             Chrm/Necr      #.........   43%         3    ####...


Dungeon Overview and Level Annotations

Branches:
Dungeon (4/15)
 Temple: D:4-7

Altars:
Fedhas
Makhleb
Ru

Annotations:
D:3 Dowan, Duvessa
D:4 Pikel


Innate Abilities, Weirdness & Mutations

Shadows flee at your approach. (+LOS)
You can swim through water.
((You cover ground slowly.))
((You can hop short distances.))


Message History

Duvessa hits you but does no damage.
You barely miss Duvessa.
Duvessa is lightly wounded.
Duvessa hits you but does no damage.
You barely miss Duvessa.
Duvessa is lightly wounded.
Duvessa hits you with a +0 short sword.
* * * LOW HITPOINT WARNING * * *
You hit Duvessa.
Duvessa is moderately wounded.
Dowan casts a spell.
Dowan blinks!
Duvessa hits you but does no damage.
You hit Duvessa.
Duvessa is moderately wounded.
Duvessa hits you but does no damage.
You barely miss Duvessa.
Duvessa is moderately wounded.
Your magical infusion is running out.
Duvessa hits you with a +0 short sword.
You die...

..'....>.....e...#
..#...##########.#
..#...# #e#
..#...# #.#
..#...# #.#
..#...# #.#
#.....# #§#
......### #e#
........# #♣#
.#......# #.#
.#......########.#
.+......'........#
.#......##########
#.......#
#....#### #....#
#....#


You could see Duvessa and Dowan.

Vanquished Creatures
  4 slaves
  A scorpion (D:4)
  A hound (D:4)
  An iron imp (D:3)
  Jessica (D:3)
  Natasha (thrice) (D:4)
  4 adders
  3 oozes
  3 worms (D:2)
  2 dart slugs
  3 leopard geckos
  An orc (D:3)
  A ball python (D:1)
  5 giant cockroaches
  6 goblins
  9 hobgoblins
  2 jackals (D:2)
  4 kobolds
  2 quokkas
  8 bats
  4 frilled lizards
  4 rats
72 creatures vanquished.

Vanquished Creatures (others)
  A spectral weapon (D:4)
1 creature vanquished.

Grand Total: 73 creatures vanquished

Notes
Turn   | Place    | Note
-------+----------+-------------------------------------------
     0 | D:1      | Napalmbreeze the Barachi Skald began the quest for the Orb.
     0 | D:1      | Reached XP level 1. HP: 17/17 MP: 3/3
   123 | D:1      | Reached XP level 2. HP: 21/23 MP: 5/5
   208 | D:1      | Reached skill level 3 in Fighting
   493 | D:1      | Reached XP level 3. HP: 29/29 MP: 6/6
   533 | D:1      | Learned a level 2 spell: Song of Slaying
  1096 | D:2      | Reached XP level 4. HP: 37/37 MP: 2/8
  1113 | D:2      | Learned a level 3 spell: Spectral Weapon
  1142 | D:2      | Found a faded altar of an unknown god.
  1152 | D:2      | Found a sacrificial altar of Ru.
  1313 | D:2      | Reached skill level 4 in Fighting
  1876 | D:3      | Noticed Jessica
  1893 | D:3      | Killed Jessica
  1893 | D:3      | Reached XP level 5. HP: 17/43 MP: 2/9
  1965 | D:3      | Found a blossoming altar of Fedhas.
  2156 | D:3      | Found a burning altar of Makhleb.
  2437 | D:4      | Noticed Natasha
  2443 | D:4      | Killed Natasha
  2448 | D:4      | Noticed Natasha
  2472 | D:4      | Killed Natasha
  2703 | D:4      | Reached skill level 5 in Fighting
  2703 | D:4      | Reached XP level 6. HP: 44/51 MP: 9/11
  2721 | D:4      | Noticed Natasha
  2729 | D:4      | Killed Natasha
  2800 | D:4      | Noticed Duvessa
  2800 | D:4      | Noticed Dowan
  3048 | D:4      | Noticed a slave
  3075 | D:4      | Killed a slave
  3126 | D:4      | Noticed Pikel
  3126 | D:4      | Noticed a slave
  3128 | D:4      | Noticed a slave
  3128 | D:4      | Noticed a slave
  3540 | D:3      | Killed a slave
  3640 | D:3      | Killed a slave
  3933 | D:4      | Killed a slave
  3956 | D:3      | HP: 1/51 [Duvessa/+0 short sword (12)]
  3969 | D:3      | Slain by Duvessa

Levels and vault maps discovered:
D:1:      dpeg_arrival_arbitrary_c, layout_loops_ring, minmay_crystal_room
D:2:      layout_rooms, old_standard_altar, chequers_ecumenical_altar_simple,
          chequers_serial_rivers_micro_c
D:3:      layout_basic, makhleb_grotto_becter, lemuel_coloured_pillars_altar,
          first_ration, uniq_jessica
D:4:      layout_rooms, nicolae_gozag_zags_fifth_avenue,
          kiku_gazebo_garden_becter, serial_shops, shop, uniq_natasha,
          uniq_pikel, uniq_duvessa

Skill      XL: |  1  2  3  4  5 |
---------------+----------------+-----
Fighting       | 3 4 5 |  5.3
Spellcasting   | 3 |  3.5
Charms         | 4 |  4.4
Polearms       | 3 |  3.4
Armour         | |  1.2
Dodging        | |  2.1
Hexes          | |  0.6

Action                   |  1- 3 |  4- 6 || total
-------------------------+-------+-------++-------
Melee: Spear             |   115 |   268 ||   383
Throw: Stone             |     7 |       ||     7
 Cast: Infusion          |     3 |    17 ||    20
       Song of Slaying   |     1 |     2 ||     3
       Spectral Weapon   |       |     4 ||     4
 Abil: Hop               |     1 |     2 ||     3
  Use: Potion            |       |     8 ||     8
       Scroll            |       |     3 ||     3
 Stab: Sleeping          |     2 |       ||     2
  Eat: Chunk             |     1 |     7 ||     8
       Ration            |       |     1 ||     1
Armor: Leather armour    |    21 |     5 ||    26
       Ring mail         |       |    50 ||    50
       Skin              |       |     8 ||     8
Dodge: Dodged            |    49 |   140 ||   189

Table legend:
 A = Non-vault XP
 B = Vault XP
 C = Vault XP percentage of total XP
 D = Non-vault monster count
 E = Vault monster count
 F = Vault count percentage of total count
                 A         B        C        D         E       F
            +---------+---------+-------+---------+---------+-------
      Total |     362 |     111 |  23.5 |      65 |       3 |   4.4
            +---------+---------+-------+---------+---------+-------
        D:1 |      49 |       0 |   0.0 |      21 |       0 |   0.0
        D:2 |      91 |       0 |   0.0 |      25 |       0 |   0.0
        D:3 |      20 |      76 |  79.2 |      10 |       2 |  16.7
        D:4 |     202 |      35 |  14.8 |       9 |       1 |  10.0
            +---------+---------+-------+---------+---------+-------
